 Dungeon Crawl Stone Soup version 0.31-a0-889-g1a8549509d (webtiles) character file.

Game seed: 8371183267824712523

8838 Gergoth the Fighter (level 10, -13/88 HPs)
             Began as a Demigod Ice Elementalist on Oct 16, 2023.
             Mangled by a boulder beetle (34 damage)
             ... on level 10 of the Dungeon.
             The game lasted 00:37:48 (11629 turns).

Gergoth the Fighter (Demigod Ice Elementalist)     Turns: 11629, Time: 00:37:48

Health: -13/88     AC: 14    Str: 15    XL:     10   Next: 93%
Magic:  21/32      EV: 13    Int: 29    God:
Gold:   818        SH:  0    Dex: 14    Spells: 5/21 levels left

rFire   . . .        A - +2 dagger (elec)
rCold   . . .        (no shield)
rNeg    . . .        O - +0 steam dragon scales
rPois   .            c - +2 helmet
rElec   .            G - +0 cloak
rCorr   .            d - +0 pair of gloves
SInv    .            l - +2 pair of boots
Will    +....        (no amulet)
Stlth   ++           e - ring of magical power
HPRegen 0.34/turn    j - +6 ring of strength
MPRegen 0.23/turn

%: no passive effects
@: slowed, very slow
A: high MP 1, forlorn, divine attributes
a: no special abilities


You were on level 10 of the Dungeon.
You visited 1 branch of the dungeon, and saw 11 of its levels.
You also visited: Sewer and Ossuary.

You collected 818 gold pieces.

Inventory:

Hand Weapons
 o - the +7 sling "Ydoz" {heavy, Fragile +Blink SInv}
   (You found it on level 2 of the Dungeon)

   SInv:      It lets you see invisible.
   +Blink:    It lets you blink.
   Fragile:   It will be destroyed if unequipped.
 A - a +2 dagger of electrocution (weapon)
 F - a +0 longbow
Armour
 c - a +2 helmet (worn)
 d - a +0 pair of gloves (worn)
 i - a +0 kite shield
 l - a +2 pair of boots (worn)
 B - a +1 robe of resistance
 G - a +0 cloak (worn)
 O - +0 steam dragon scales (worn)
 P - +0 acid dragon scales
 R - a +0 troll leather armour
Jewellery
 e - a ring of magical power (left hand)
 j - a +6 ring of strength (right hand)
 r - a ring of positive energy
 H - a +4 ring of protection
 N - an amulet of magic regeneration
Wands
 M - a wand of polymorph (3)
 Q - a wand of digging (5)
Scrolls
 a - a scroll of torment
 n - 3 scrolls of enchant weapon
 s - 5 scrolls of identify
 v - 3 scrolls of blinking
 y - a scroll of amnesia
 K - a scroll of poison
 L - a scroll of brand weapon
Potions
 b - 2 potions of magic
 f - 4 potions of brilliance
 g - 5 potions of might
 h - 4 potions of curing
 k - a potion of mutation {unknown}
 m - 3 potions of lignification
 q - 6 potions of enlightenment {unknown}
 t - 4 potions of degeneration {unknown}
 u - a potion of cancellation {unknown}
 w - a potion of ambrosia {unknown}
 x - a potion of resistance {unknown}
 z - 4 potions of heal wounds {unknown}
 C - 2 potions of invisibility {unknown}
 D - a potion of attraction {unknown}
 I - a potion of berserk rage {unknown}
 J - 2 potions of haste {unknown}
Miscellaneous
 E - a phantom mirror


   Skills:
 + Level 8.1 Fighting
 + Level 4.2 Armour
 - Level 4.0 Dodging
 - Level 1.7 Stealth
 + Level 1.2 Shields
 + Level 6.1 Spellcasting
 + Level 1.1 Conjurations
 + Level 6.1 Summonings
 - Level 8.0 Ice Magic
 + Level 4.2 Air Magic


You had 5 spell levels left.
You knew the following spells:

 Your Spells              Type           Power      Damage    Failure   Level
a - Freeze                Ice            100%       1d10      1%          1
b - Frozen Ramparts       Ice            100%       1d16      1%          3
c - Ozocubu's Armour      Ice            53%        N/A       1%          3
d - Summon Ice Beast      Ice/Summ       50%        N/A       3%          4
e - Freezing Cloud        Conj/Ice/Air   17%        6-21      24%         5

Your spell library contained the following spells:

 Spells                   Type           Power      Damage    Failure   Level
 Magic Dart               Conj           60%        1d6       3%          1
 Cigotuvi's Dreadful Rot  Necr/Pois/Air  34%        N/A       4%          2
 Searing Ray              Conj           30%        2d5       5%          2
 Momentum Strike          Conj/Tloc      24%        3d8       7%          2
 Blink                    Tloc           16%        N/A       9%          2
 Lesser Beckoning         Tloc           16%        N/A       9%          2
 Sublimation of Blood     Necr           8%         N/A       9%          2
 Wereblood                Tmut           8%         N/A       9%          2
 Ignite Poison            Fire/Tmut/Pois 8%         N/A       17%         3
 Fulminant Prism          Conj/Hex       6%         3d7       41%         4
 Anguish                  Hex/Necr       4%         N/A       50%         4
 Cause Fear               Hex            4%         N/A       50%         4
 Fireball                 Conj/Fire      6%         3d5       77%         5
 Summon Hydra             Summ           22%        N/A       98%         7
 Enfeeble                 Hex            4%         N/A       100%        7
 Dragon's Call            Summ           22%        N/A       100%        9


Dungeon Overview and Level Annotations

Branches:
Dungeon (11/15)            Temple (0/1) D:5            Lair (0/5) D:11
  Sewer (visited)         Ossuary (visited)
    Orc: D:9-12

Annotations:
D:3 2 transporters, Error4North's ghost, amateur DrSh


Innate Abilities, Weirdness & Mutations

You have an increased reservoir of magic. (+10% MP)
You shall have no god before yourself.
Your divine heritage dramatically boosts your attributes as you level up.


Message History

The boulder beetle bites you.
The wall freezes the orc warrior but does no damage.
The orc warrior hits you with a +1 mace of protection.
The wraith resists.
The wall freezes the wraith.
The wraith misses you.
Casting: Frozen Ramparts (safe; 1% risk of failure)
Confirm with . or Enter, or press ? or * to list all spells.
A film of ice covers your body!
The boulder beetle bites you but does no damage.
The wall freezes the orc warrior!
The orc warrior hits you but does no damage.
The wraith resists.
The wall freezes the wraith.
The wraith closely misses you. The boulder beetle bites you!
Casting: Ozocubu's Armour (safe; 1% risk of failure)
Confirm with . or Enter, or press ? or * to list all spells.
A chill wind blows around you.
The wall freezes the orc warrior.
You kill the orc warrior!
The wraith resists.
The wall freezes the wraith.
The wraith hits you but does no damage. The boulder beetle bites you!
* * * LOW HITPOINT WARNING * * *
The wraith resists.
The wall freezes the wraith.
The wraith barely misses you.
Aiming: Freeze (safe; 1% risk of failure)
Press: ? - help, Q - select action, (/) - cycle Shift-Dir - straight line, f - wraith
Aim: a wraith (moderately damaged, ally target)
Okay, then.
Blink to where?
Press: ? - help, Dir - move target Your icy armour cracks and falls away as you move.
The frozen ramparts melt away as you move.
As you read the scroll of blinking, it crumbles to dust.
Your ice beast hits the wraith.
Your ice beast freezes the wraith.
The wraith resists.
Your ice beast closely misses the wraith.
The boulder beetle curls into a ball and begins rolling!
The boulder beetle hits you but does no damage.
The boulder beetle stops rolling and uncurls.
The boulder beetle curls into a ball and begins rolling!
Okay, then.
Okay, then.
The boulder beetle hits you!!
You die...

#####.≈≈.≈≈...###..#######.## #.
#.≈...≈.................###.
#.≈.8.≈.######..#######...#.
#.......# ##....####.....
####..### #.....))...... #######
#.## #.##.######.## #>....# #.#
####.##.)## #.##
#Y....###.#######....###).####.##
#..........Y.W○B@.#######..##....
#.....#.....###..................
#.....#...○.###..##########......
#...........#...## #####......
#######..........######.....#....
#.....#...........#####....
#.....######.##÷#######...#
#.....# ###...........(...
#.....####......#####.#.#..


You could see a boulder beetle (rolling), a wraith (ally target) and a friendly
ice beast (summoned).

Vanquished Creatures
  A boulder beetle (D:10)
  A troll (D:9)
  4 yaks
  A wraith (D:7)
  A wyvern (D:7)
  A vampire (D:7)
  2 steam dragons
  3 orc warriors
  A sky beast (D:8)
  A centaur (D:9)
  2 ogres
  7 bullfrogs
  3 scorpions
  10 wights
  10 water moccasin zombies (Ossuary)
  14 killer bees
  3 howler monkeys
  3 orc priests
  5 hounds
  2 jellies
  4 iguanas
  A sleepcap (D:8)
  4 orc wizards
  2 mummies (Ossuary)
  17 gnolls
  10 adders
  3 river rats (Sewer)
  2 ufetubi (D:5)
  3 adder zombies (Ossuary)
  2 worms (D:2)
  A dart slug (D:2)
  12 orcs
  14 ball pythons
  8 endoplasms
  6 giant cockroaches
  5 gnoll zombies (Ossuary)
  11 goblins
  17 hobgoblins
  3 jackals (D:2)
  4 kobolds
  10 quokkas
  9 bats
  9 frilled lizards
  4 kobold zombies (Ossuary)
  4 orc zombies (Ossuary)
  12 rats
  A spectral hobgoblin (D:4)
253 creatures vanquished.

Vanquished Creatures (collateral kills)
  A boulder beetle (D:7)
  A two-headed ogre (D:7)
  A wyvern (D:8)
  A shadow (D:9)
  3 yaks
  An acid dragon (D:10)
  A water moccasin (D:7)
  A black bear (D:7)
  A centaur (D:10)
  A phantom (D:7)
  A gnoll sergeant (D:9)
  A bullfrog (D:7)
  2 wights
  2 killer bees (D:10)
  An orc priest (D:9)
  A sleepcap (D:7)
  A shadow imp (D:7)
  2 orcs
23 creatures vanquished.

Grand Total: 276 creatures vanquished

Notes
Turn   | Place    | Note
-------+----------+-------------------------------------------
     0 | D:1      | Gergoth the Demigod Ice Elementalist began the quest for
                  | the Orb.
     0 | D:1      | Reached XP level 1. HP: 14/14 MP: 5/5
   344 | D:1      | Reached XP level 2. HP: 22/22 MP: 5/7
   848 | D:1      | Reached skill level 1 in Fighting
  1270 | D:2      | Reached XP level 3. HP: 28/28 MP: 8/8
  1752 | D:2      | Identified the +7 sling "Ydoz" {heavy, Fragile +Blink SInv}
  1837 | D:2      | Reached XP level 4. HP: 18/35 MP: 10/10
  2203 | D:3      | Found a glowing drain.
  2233 | Sewer    | Entered a sewer
  2238 | Sewer    | Learned a level 3 spell: Frozen Ramparts
  2650 | D:3      | Found a transporter.
  2773 | D:3      | Found a transporter.
  2868 | D:3      | Reached XP level 5. HP: 41/41 MP: 11/11
  3075 | D:3      | Noticed Error4North's ghost (amateur DrSh)
  3323 | D:4      | Identified the +8 dagger "Ecuos" {flame, Fragile rPois
                  | Stlth+}
  3532 | D:4      | Reached XP level 6. HP: 50/50 MP: 13/13
  4207 | D:4      | Reached skill level 5 in Ice Magic
  4371 | D:5      | Entered Level 5 of the Dungeon
  4371 | D:5      | Found a staircase to the Ecumenical Temple.
  4400 | D:5      | Found a sand-covered staircase.
  4404 | Ossuary  | Entered an ossuary
  4444 | Ossuary  | Reached XP level 7. HP: 52/57 MP: 15/15
  4573 | Ossuary  | Learned a level 3 spell: Ozocubu's Armour
  4578 | Ossuary  | Learned a level 4 spell: Summon Ice Beast
  4627 | Ossuary  | Reached skill level 1 in Summonings
  4969 | D:5      | Reached XP level 8. HP: 66/66 MP: 18/18
  5080 | D:5      | Noticed a troll
  5897 | D:6      | Reached skill level 5 in Fighting
  5897 | D:6      | Reached skill level 5 in Spellcasting
  6866 | D:7      | Reached XP level 9. HP: 69/74 MP: 16/20
  7390 | D:7      | Learned a level 5 spell: Freezing Cloud
  7449 | D:7      | Noticed a two-headed ogre
  7543 | D:7      | Killed a two-headed ogre
  7544 | D:7      | Reached skill level 1 in Armour
  7544 | D:7      | Reached skill level 5 in Summonings
  7544 | D:7      | Reached skill level 1 in Air Magic
  8636 | D:8      | Reached XP level 10. HP: 84/84 MP: 22/22
  9448 | D:10     | Entered Level 10 of the Dungeon
 10929 | D:7      | Noticed a boulder beetle
 10996 | D:7      | Killed a boulder beetle
 11308 | D:11     | Noticed a boulder beetle
 11321 | D:11     | Noticed a boulder beetle
 11436 | D:11     | Noticed a green ugly thing
 11450 | D:10     | Killed a boulder beetle
 11451 | D:10     | Reached skill level 1 in Shields
 11451 | D:10     | Reached skill level 1 in Conjurations
 11629 | D:10     | Mangled by a boulder beetle

Illustrated notes

Levels and vault maps discovered:
D:1:      tarquinn_simple_flora_water_d, layout_basic
D:2:      kennysheep_big_flooded_room, layout_basic, st_stairs_5
D:3:      cheibrodos_greedy_goblins, layout_loops_cross, portal_sewer_entry_f,
          gammafunk_ghost_mausoleum
D:4:      layout_basic, nicolae_hepliaklqana_monster_ancestors
D:5:      layout_rooms, mainiacjoe_overflow_surrounded_room,
          nicolae_overflow_hidden_temple, minmay_temple_entry_stoned_glass,
          lightli_ossuary_entry_decrepit_ruins, lightli_corner_chamber
D:6:      layout_rooms
D:7:      nzn_winding_woodlands_small [nzn_winding_woodlands_5x15_eye,
          nzn_winding_woodlands_center_lodge,
          nzn_winding_woodlands_5x15_default], layout_cave_pools,
          grunt_qazlal_clouds, st_stairs_7, kennysheep_generic_room_14
D:8:      layout_basic, xom_redecorated, minmay_misc_feat_roman
D:9:      layout_gridville, nicolae_ru_path_of_blood
D:10:     layout_rooms, mainiacjoe_overflow_catwalk,
          nicolae_ashenzari_panopticon
D:11:     layout_rooms, dpeg_oklobed_lair

Skill      XL: |  1  2  3  4  5  6  7  8  9 10 |
---------------+-------------------------------+-----
Dodging        | 2 3 4 |  4.0
Spellcasting   | 2 3 4 5 6 |  6.1
Fighting       | 1 2 3 4 5 6 8 |  8.1
Ice Magic      | 4 5 6 7 8 |  8.0
Summonings     | 2 3 5 6 |  6.1
Armour         | 2 4 |  4.2
Air Magic      | 2 4 |  4.2
Shields        | 1 |  1.2
Conjurations   | 1 |  1.1
Stealth        | |  1.7

Action                     |  1- 3 |  4- 6 |  7- 9 | 10-12 || total
---------------------------+-------+-------+-------+-------++-------
  Melee: Unarmed           |     7 |       |       |       ||     7
         Flail             |       |    40 |       |       ||    40
         Dagger            |       |    64 |   304 |   111 ||   479
         Punch             |       |     1 |     3 |     3 ||     7
   Cast: Freeze            |    86 |    57 |    14 |       ||   157
         Frozen Ramparts   |       |    19 |    45 |    20 ||    84
         Ozocubu's Armour  |       |       |    19 |    11 ||    30
         Summon Ice Beast  |       |       |    21 |    23 ||    44
         Freezing Cloud    |       |       |     1 |       ||     1
  Evoke: Wand              |       |       |       |     1 ||     1
    Use: Scroll            |       |     5 |    12 |     5 ||    22
   Stab: Sleeping          |       |     4 |     2 |       ||     6
         Distracted        |       |       |     1 |     1 ||     2
 Armour: Robe              |    32 |    70 |   222 |       ||   324
         Steam dragon scal |       |       |       |   131 ||   131
  Dodge: Dodged            |    56 |   100 |   186 |    91 ||   433

Table legend: (Time is in decaauts)
 A = Elapsed time spent in this place.
 B = Non-inter-level travel time spent in this place.
 C = Inter-level travel time spent in this place.
 D = Time resting spent in this place.
 E = Time spent auto-exploring this place.
 F = Levels seen in this place.
 G = Mean time per level.
                   A        B        C        D        E       F      G
               +--------+--------+--------+--------+--------+-----+--------+
         Total |  11717 |  11435 |    282 |   1885 |   5815 |  13 |  901.3 |
       Dungeon |  10700 |  10418 |    282 |   1552 |   5655 |  11 |  972.7 |
         Sewer |    465 |    465 |      0 |     80 |    127 |   1 |  465.0 |
       Ossuary |    551 |    551 |      0 |    253 |     33 |   1 |  551.0 |
               +--------+--------+--------+--------+--------+-----+--------+

Top non-repeatable levels by time:
     D:8: 1523 daAuts
     D:7: 1206 daAuts
     D:9: 1155 daAuts
     D:1: 1151 daAuts
     D:4: 1098 daAuts
     D:2: 1029 daAuts
     D:6: 978 daAuts
    D:10: 958 daAuts
     D:5: 829 daAuts
     D:3: 695 daAuts
 Ossuary: 551 daAuts
   Sewer: 465 daAuts
    D:11: 75 daAuts
